 Dungeon Crawl Stone Soup version 0.31.0-32-g396128a36d (webtiles) character file.

Game seed: 9147757979024298728

60 spaghetti the Trooper (level 4, 0/45 HPs)
             Began as a Naga Chaos Knight on Mar 25, 2024.
             Was a Plaything of Xom.
             Killed by divine providence
             ... invoked by an orc priest
              (9 damage)
             ... on level 3 of the Dungeon.
             The game lasted 00:01:56 (1451 turns).

spaghetti the Trooper (Naga Chaos Knight)           Turns: 1451, Time: 00:01:56

Health: 0/45       AC:  5    Str: 15    XL:     4   Next: 4%
Magic:  4/4        EV:  9    Int: 14    God:    Xom [...*..]
Gold:   84         SH:  0    Dex:  8    Spells: 3/3 levels left

rFire   . . .        a - +0 spear (chaos)
rCold   . . .        (no shield)
rNeg    . . .        b - +2 leather armour
rPois   +            (no helmet)
rElec   .            (no cloak)
rCorr   .            (no gloves)
SInv    +            (no barding)
Will    .....        (no amulet)
Stlth   +            (no ring)
HPRegen 0.27/turn    (no ring)
MPRegen 0.09/turn

%: no passive effects
@: very slow
A: AC +1, large, see invisible, deformed body, poison resistance, slowness 2,
spit poison 1, naga tail 1, clumsy 1, MP-powered wands
a: Spit Poison, Renounce Religion


You were on level 3 of the Dungeon.
You worshipped Xom.
You were a favourite toy of Xom.
You visited 1 branch of the dungeon, and saw 3 of its levels.

You collected 84 gold pieces.

Inventory:

Hand Weapons
 a - a +0 spear of chaos (weapon)
Armour
 b - a +2 leather armour (worn)
Scrolls
 e - a scroll of torment
 f - a scroll of vulnerability


   Skills:
 + Level 4.8 Fighting
 - Level 3.0 Polearms
 - Level 1.5 Armour
 - Level 0.7 Dodging


You had 3 spell levels left.
You didn't know any spells.
Your spell library contained the following spells:

 Spells                   Type           Power      Damage    Failure   Level
 Dazzling Flash           Conj/Hex       0%         N/A       71%         3
 Volatile Blastmotes      Fire/Tloc      0%         2d10      71%         3
 Starburst                Conj/Fire      0%         6d3       100%        6
 Maxwell's Capacitive Co  Air            0%         ∞         100%        8


Dungeon Overview and Level Annotations

Branches:
Dungeon (3/15)

Altars:


Innate Abilities, Weirdness & Mutations

Your serpentine skin is tough. (AC +1)
You have supernaturally acute eyesight. (SInv)
Armour fits poorly on your strangely shaped body.
Your system is resistant to poisons. (rPois)
You cover ground very slowly.
You can spit poison.
You have a snake-like lower body.
You are clumsy. (Dex -2)
You expend magic power (3 MP) to strengthen your wands.


Message History

The orc priest shouts!
The orc shouts!
Found 28 gold pieces.
Found a roughly hewn altar of Beogh.
An orc comes into view. It is wielding a +0 trident.
Found 12 gold pieces.
The orc shouts!
There is an open door here.
The orc priest invokes the aid of Beogh against you.
You barely resist.
The orc hits you from afar with a +0 trident.
There's a creature in the doorway!
Okay, then.
You aren't carrying any potions.
Aiming: Spit Poison (2% risk of failure)
Press: ? - help, Shift-Dir - straight line, f - adder
Aim: an adder (37% to hit)
The splash of poison hits the adder.
The adder is poisoned.
The adder is moderately wounded.
The adder bites you but does no damage. The orc hits you but does no damage.
The orc priest barely misses you. The orc hits you with a +0 hand axe.
You hit the adder. You burn the adder.
The adder is almost dead.
The adder bites you. The orc priest hits you with a +0 club.
The orc hits you from afar with a +0 trident.
* * * LOW HITPOINT WARNING * * *
The orc hits you but does no damage.
You hit the adder.
You kill the adder!
You have reached level 4!
You feel stronger.
You have got your breath back.
The orc hits you with a +0 hand axe.
* * * LOW HITPOINT WARNING * * *
The orc priest hits you with a +0 club.
* * * LOW HITPOINT WARNING * * *
The orc hits you but does no damage.
There is an open door here.
The orc priest calls down the wrath of Beogh upon you.
Beogh smites you!
You die...
Xom is highly amused!

#.................
###..#.<###......!
#####..†#....#
###......#
##.....# ##....#
########.#####
........##...##
######.@#.8$8.#
##.'oo$._#
###o8.8$# ##.$.##
####


You could see an orc priest and 2 orcs.

Vanquished Creatures
  2 adders
  A gnoll (D:1)
  2 dart slugs
  2 endoplasms
  3 giant cockroaches (D:1)
  3 hobgoblins
  6 ball pythons
  3 bats
  A frilled lizard (D:3)
  2 goblins (D:1)
  A kobold (D:1)
  3 rats
29 creatures vanquished.

Vanquished Creatures (others)
  A bat (D:1)
1 creature vanquished.

Grand Total: 30 creatures vanquished

Notes
Turn   | Place    | Note
-------+----------+-------------------------------------------
     0 | D:1      | spaghetti the Naga Chaos Knight began the quest for the
                  | Orb.
     0 | D:1      | Reached XP level 1. HP: 21/21 MP: 1/1
   289 | D:1      | Reached XP level 2. HP: 28/28 MP: 2/2
   351 | D:1      | Reached skill level 4 in Fighting
   450 | D:1      | XOM: divination: detect creatures
   465 | D:1      | Reached XP level 3. HP: 31/36 MP: 3/3
   564 | D:1      | XOM: give mutations
   564 | D:1      | Gained mutation: You are frail. (-10% HP) [Xom's mischief]
   564 | D:1      | Gained mutation: Your tail ends in a venomous barb. [Xom's
                  | mischief]
   618 | D:1      | XOM: 3-stop teleportation journey
   870 | D:1      | XOM: divination: detect items
   993 | D:2      | a bat changed into a killer bee
   993 | D:2      | Noticed a killer bee
   994 | D:2      | Lost mutation: Your tail ends in a venomous barb. [potion
                  | of mutation]
   994 | D:2      | Lost mutation: You are frail. (-10% HP) [potion of
                  | mutation]
   994 | D:2      | Gained mutation: You are clumsy. (Dex -2) [potion of
                  | mutation]
   994 | D:2      | Gained mutation: You expend magic power (3 MP) to
                  | strengthen your wands. [potion of mutation]
  1353 | D:3      | HP: 1/37 [cloud of flame (15)]
  1450 | D:3      | Reached XP level 4. HP: 12/45 MP: 4/4
  1451 | D:3      | Killed from afar by an orc priest

Illustrated notes

Levels and vault maps discovered:
D:1:      minmay_arrival_stone_box, layout_basic
D:2:      layout_loops_cross, ebering_ecumenical_altar_rust,
          minmay_misc_feat_doors, uniq_sigmund, uniq_natasha
D:3:      layout_rooms, mainiacjoe_overflow_alcove_2, kennysheep_orc_chapel,
          uniq_terence

Skill      XL: |  1  2 |
---------------+-------+-----
Fighting       | 4 |  4.8
Polearms       | |  3.0
Armour         | |  1.5
Dodging        | |  0.7

Action                     |  1- 3 |  4- 6 || total
---------------------------+-------+-------++-------
  Melee: Spear             |    89 |       ||    89
         Punch             |     1 |       ||     1
Ability: Spit Poison       |     2 |       ||     2
    Use: Scroll            |     5 |       ||     5
         Potion            |     2 |       ||     2
 Armour: Leather armour    |    66 |     3 ||    69
  Dodge: Dodged            |    31 |       ||    31
